Sabres vs Blue Jackets
Created - December 20, 2018 at 22:25
Goals
|
Sabres |
1 |
0 |
1 |
2 |
Blue Jackets |
3 |
0 |
1 |
4 |
|
Shots
|
Sabres |
14 |
3 |
10 |
27 |
Blue Jackets |
13 |
2 |
8 |
23 |
|
1st period
1. Blue Jackets , Pavel Datsyuk 17 (Torey Krug 7) at 8:52 (SH)
2. Sabres , Ilya Kovalchuk 5 (Ryan O'Reilly 16, Zack Kassian 15) at 9:02 (PP)
3. Blue Jackets , Martin Havlat 12 (Pavel Datsyuk 28) at 14:10
4. Blue Jackets , Pavel Datsyuk 18 (Martin Havlat 30, Anthony Bitetto 1) at 18:44
Penalties :
Ronalds Kenins (Buf) for Interference (Minor) at 1:21, Anthony Bitetto (Clb) for Hooking (Minor) at 8:13
2nd period
No Goal
Penalties :
Mike Comrie (Clb) for Roughing (Minor) at 1:35, Martin Havlat (Clb) for Hooking (Minor) at 8:54, Kurtis Foster (Buf) for Delaying the game (Minor) at 11:43, Michael Kostka (Buf) for Tripping (Minor) at 13:52, Marcus Nilson (Clb) for Holding Stick (Minor) at 17:43
3rd period
5. Sabres , Matt Martin 4 (Zach Bogosian 12, Brandon Sutter 2) at 9:28
6. Blue Jackets , Mike Brown 10 (Marcus Nilson 9, Peter Mueller 10) at 12:57 (PP)
Penalties :
Martin Havlat (Clb) for Hooking (Minor) at 0:18, Zach Bogosian (Buf) for Boarding (Minor) at 5:01, Zach Bogosian (Buf) for High sticking (Minor) at 11:46
Goalie Stats
Robin Lehner (Buf), 19 saves from 23 shots - (0.826), L, 13-7-2, 60:00 minutes
Rick DiPietro (Clb), 25 saves from 27 shots - (0.926), W, 14-12-3, 60:00 minutes
Players Stats for Sabres
Player Name G A P +/- PIM S H SB GA TA FO MP PP MP PK MP
------------------------------------------------------------------------------------
Andrei Loktionov 0 0 0 0 0 1 0 0 1 0 2/6 14:31 4:23 0:00
Brad Richardson 0 0 0 1 0 3 2 0 0 0 0/0 11:29 0:00 0:56
Brandon Sutter 0 1 1 1 0 1 1 0 0 1 3/10 14:30 0:00 4:13
Darren Reid 0 0 0 -1 0 1 1 0 0 0 1/2 12:24 0:00 4:11
Evander Kane 0 0 0 0 0 2 1 0 1 0 1/1 15:09 4:23 0:15
Ilya Kovalchuk 1 0 1 -2 0 5 5 0 0 0 2/2 22:27 4:22 4:30
Jared Cowen 0 0 0 -2 0 0 4 0 0 3 0/0 22:03 4:28 4:33
Kurtis Foster 0 0 0 0 2 0 1 1 0 1 0/0 18:24 0:00 0:21
Kyle Okposo 0 0 0 -1 0 1 0 0 1 0 0/0 17:48 4:23 0:00
Mathew Dumba 0 0 0 0 0 0 1 1 0 0 0/0 21:14 4:17 5:05
Matt Martin 1 0 1 1 0 2 2 0 0 0 0/0 9:48 0:00 0:00
Michael Kostka 0 0 0 -2 2 1 1 1 0 0 0/0 17:35 4:28 0:03
Rob Scuderi 0 0 0 0 0 1 2 4 0 0 0/0 16:12 0:00 4:58
Ronalds Kenins 0 0 0 -1 2 0 0 0 0 0 0/0 7:53 0:00 0:00
Ryan O'Reilly 0 1 1 -2 0 2 1 0 0 0 13/29 17:54 4:22 0:00
Vincent Lecavalier 0 0 0 -1 0 3 0 0 0 0 1/5 12:05 0:00 4:09
Zach Bogosian 0 1 1 0 4 2 1 4 1 0 0/0 24:46 4:17 3:14
Zack Kassian 0 1 1 -1 0 2 1 0 0 0 0/0 14:36 4:22 0:00
Players Stats for Blue Jackets
Player Name G A P +/- PIM S H SB GA TA FO MP PP MP PK MP
------------------------------------------------------------------------------------
A.J Thelen 0 0 0 2 0 0 1 2 0 0 0/0 24:54 5:07 0:39
Andreas Nodl 0 0 0 0 0 1 2 0 0 0 0/0 9:37 0:56 0:00
Andrew Gordon 0 0 0 -1 0 0 0 0 0 0 1/1 7:47 0:30 0:00
Anthony Bitetto 0 1 1 2 2 0 0 2 0 0 0/0 13:22 0:00 3:36
Branislav Mezei 0 0 0 -1 0 1 2 2 1 1 0/0 25:28 4:00 4:30
David Booth 0 0 0 0 0 1 2 0 0 0 0/0 18:45 4:28 2:39
Marcus Nilson 0 1 1 2 2 0 3 0 2 1 1/1 19:32 4:08 0:07
Martin Havlat 1 1 2 2 4 5 0 0 1 1 1/1 22:23 4:40 2:43
Mike Brown 1 0 1 1 0 5 1 1 0 0 0/0 17:04 3:54 1:40
Mike Comrie 0 0 0 0 2 0 3 1 0 0 4/10 12:16 0:02 3:51
Mike Lundin 0 0 0 -1 0 1 2 1 0 0 0/0 27:58 5:07 4:30
Mike York 0 0 0 0 0 0 0 0 0 1 1/1 10:47 0:00 2:45
Patrick O'Sullivan 0 0 0 -1 0 0 0 0 0 0 0/2 9:05 0:00 1:53
Pavel Datsyuk 2 1 3 3 0 5 2 1 1 0 19/33 21:34 4:44 1:52
Peter Mueller 0 1 1 0 0 2 1 1 0 0 5/6 15:27 3:59 0:00
Rostislav Olesz 0 0 0 -1 0 0 0 1 0 0 0/0 6:54 0:00 0:00
Ryan Wilson 0 0 0 1 0 0 1 0 0 0 0/0 7:00 0:00 0:00
Torey Krug 0 1 1 1 0 2 0 1 0 0 0/0 21:17 4:00 4:15
3 Stars
1 - Pavel Datsyuk (Clb)
2 - Mike Brown (Clb)
3 - Martin Havlat (Clb)
Power Play
Sabres - 1 on 5 Attempt(s) - 20.00%
Blue Jackets - 1 on 5 Attempt(s) - 20.00%
Penalty Kill
Sabres - 4 on 5 Attempt(s) - 80.00%
- Score 0 goal in Penalty Kill
Blue Jackets - 4 on 5 Attempt(s) - 80.00%
- Score 1 goal in Penalty Kill
Team Stat
Sabres - Hits : 24 - Faceoff Wins : 23 - Blocked Shots : 11 - Penalty Minutes : 10
Blue Jackets - Hits : 20 - Faceoff Wins : 32 - Blocked Shots : 13 - Penalty Minutes : 10
Official
Referees : Unknown
Linesman : Unknown
Game Notes
No Game Note
Finance
Level 1 -- Attendance: 4802 (80.03%) -- Ticket Income $456,190
Level 2 -- Attendance: 3606 (72.12%) -- Ticket Income $216,360
Level 3 -- Attendance: 1962 (98.10%) -- Ticket Income $68,670
Level 4 -- Attendance: 3898 (97.45%) -- Ticket Income $97,450
Luxury Box -- Attendance: 708 (70.80%) -- Ticket Income $134,520
Game was played at the Ohio State Arena.
Total Attendance: 14976 (83.20%)
Total Ticket Income: $973,190
Other Income: $145,978
Total Income: $1,119,168
Sabres
5 vs 5 Forward
Center Left Wing Right Wing Time % Phy DF OF
1 Ryan O'Reilly Ilya Kovalchuk Kyle Okposo 39 0 1 4
2 Andrei Loktionov Evander Kane Zack Kassian 31 1 1 3
3 Brandon Sutter Matt Martin Brad Richardson 17 1 1 3
4 Vincent Lecavalier Ronalds Kenins Darren Reid 13 1 1 3
5 vs 5 Defense
Defense Defense Time % Phy DF OF
1 Kurtis Foster Zach Bogosian 40 1 3 1
2 Michael Kostka Jared Cowen 30 1 3 1
3 Rob Scuderi Mathew Dumba 20 0 5 0
4 Rob Scuderi Mathew Dumba 10 0 4 1
PowerPlay Forward
Center Left Wing Right Wing Time % Phy DF OF
1 Andrei Loktionov Evander Kane Kyle Okposo 50 0 0 5
2 Ryan O'Reilly Ilya Kovalchuk Zack Kassian 50 1 0 4
PowerPlay Defense
Defense Defense Time % Phy DF OF
1 Zach Bogosian Mathew Dumba 50 0 1 4
2 Michael Kostka Jared Cowen 50 0 1 4
Penalty Kill 4 Players Forward
Center Wing Time % Phy DF OF
1 Brandon Sutter Darren Reid 50 1 4 0
2 Vincent Lecavalier Ilya Kovalchuk 50 1 4 0
Penalty Kill 4 Players Defense
Defense Defense Time % Phy DF OF
1 Jared Cowen Zach Bogosian 50 1 4 0
2 Mathew Dumba Rob Scuderi 50 1 4 0
Penalty Kill - 3 Players Forward
Forward Time % Phy DF OF
1 Brandon Sutter 60 0 5 0
2 Zack Kassian 40 0 5 0
Penalty Kill - 3 Players Defense
Defense Defense Time % Phy DF OF
1 Rob Scuderi Jared Cowen 60 0 5 0
2 Mathew Dumba Zach Bogosian 40 0 5 0
4 vs 4 Forward
Center Wing Time % Phy DF OF
1 Vincent Lecavalier Kyle Okposo 50 0 2 3
2 Ryan O'Reilly Zack Kassian 50 0 1 4
4 vs 4 Defense
Defense Defense Time % Phy DF OF
1 Kurtis Foster Jared Cowen 50 0 4 1
2 Mathew Dumba Rob Scuderi 50 0 4 1
Last Minutes Offensive
Center Left Wing Right Wing Defense Defense
Ryan O'Reilly Evander Kane Kyle Okposo Zach Bogosian Jared Cowen
Last Minutes Defensive
Center Left Wing Right Wing Defense Defense
Brandon Sutter Evander Kane Zack Kassian Zach Bogosian Jared Cowen
Goaltenders
Starting : Robin Lehner
Backup : Jonas Hiller
Extra Forwards
Normal : Brandon Sutter, Ryan O'Reilly, Brad Richardson - PP : Matt Martin, Ryan O'Reilly - PK : Brad Richardson
Extra Defensemen
Normal : Zach Bogosian, Jared Cowen, Mathew Dumba - PP : Zach Bogosian - PK : Rob Scuderi, Jared Cowen
Penalty Shots
Evander Kane, Vincent Lecavalier, Ryan O'Reilly, Andrei Loktionov, Kyle Okposo
Scratches
Darcy Hordichuk (Healthy), Jakub Kindl (Healthy), Nathan Paetsch (Healthy), Scottie Upshall (Healthy), Andrew MacDonald (Healthy)
Blue Jackets
5 vs 5 Forward
Center Left Wing Right Wing Time % Phy DF OF
1 Pavel Datsyuk Marcus Nilson Martin Havlat 40 1 2 2
2 Peter Mueller David Booth Mike Brown 30 1 2 2
3 Mike Comrie Mike York Andreas Nodl 20 1 2 2
4 Patrick O'Sullivan Rostislav Olesz Andrew Gordon 10 1 2 2
5 vs 5 Defense
Defense Defense Time % Phy DF OF
1 Mike Lundin Branislav Mezei 40 1 2 2
2 Torey Krug A.J Thelen 30 1 2 2
3 Anthony Bitetto A.J Thelen 20 1 2 2
4 Mike Lundin Branislav Mezei 10 1 2 2
PowerPlay Forward
Center Left Wing Right Wing Time % Phy DF OF
1 Pavel Datsyuk David Booth Martin Havlat 60 1 2 2
2 Peter Mueller Marcus Nilson Mike Brown 40 1 2 2
PowerPlay Defense
Defense Defense Time % Phy DF OF
1 Mike Lundin A.J Thelen 60 1 2 2
2 Torey Krug Branislav Mezei 40 1 2 2
Penalty Kill 4 Players Forward
Center Wing Time % Phy DF OF
1 Mike Comrie Martin Havlat 60 1 2 2
2 Pavel Datsyuk Mike Brown 40 1 2 2
Penalty Kill 4 Players Defense
Defense Defense Time % Phy DF OF
1 Mike Lundin Branislav Mezei 60 1 2 2
2 Torey Krug Anthony Bitetto 40 1 2 2
Penalty Kill - 3 Players Forward
Forward Time % Phy DF OF
1 Mike Comrie 60 1 2 2
2 Pavel Datsyuk 40 1 2 2
Penalty Kill - 3 Players Defense
Defense Defense Time % Phy DF OF
1 Mike Lundin Branislav Mezei 60 1 2 2
2 Torey Krug Ryan Wilson 40 1 2 2
4 vs 4 Forward
Center Wing Time % Phy DF OF
1 Pavel Datsyuk David Booth 60 1 2 2
2 Peter Mueller Martin Havlat 40 1 2 2
4 vs 4 Defense
Defense Defense Time % Phy DF OF
1 Mike Lundin Ryan Wilson 60 1 2 2
2 Torey Krug Branislav Mezei 40 1 2 2
Last Minutes Offensive
Center Left Wing Right Wing Defense Defense
Pavel Datsyuk David Booth Martin Havlat Mike Lundin Anthony Bitetto
Last Minutes Defensive
Center Left Wing Right Wing Defense Defense
Pavel Datsyuk David Booth Martin Havlat Mike Lundin Anthony Bitetto
Goaltenders
Starting : Rick DiPietro
Backup : Marek Schwarz
Extra Forwards
Normal : Andreas Nodl, Pavel Datsyuk, Mike York - PP : Andreas Nodl, Martin Havlat - PK : Mike York
Extra Defensemen
Normal : Ryan Wilson, A.J Thelen, Torey Krug - PP : Ryan Wilson - PK : A.J Thelen, Torey Krug
Penalty Shots
Pavel Datsyuk, David Booth, Martin Havlat, Mike Comrie, Mike Brown
Scratches
Dennis Wideman (Bruised Left Leg Injury), Kevin Porter (Healthy)
% Time on Ice - Sabres
Lines # - Real PCT - Wanted PCT - Time Play
Normal Forward
1 - 34% - 39% - 14:07
2 - 25% - 31% - 10:20
3 - 23% - 17% - 9:48
4 - 19% - 13% - 7:53
Normal Defense
1 - 43% - 40% - 18:04
2 - 31% - 30% - 12:53
3 - 21% - 20% - 8:54
4 - 5% - 10% - 2:17
PP Forward
1 - 50% - 50% - 4:23
2 - 50% - 50% - 4:22
PP Defense
1 - 49% - 50% - 4:17
2 - 51% - 50% - 4:28
PK Forward
1 - 48% - 50% - 4:25
2 - 52% - 50% - 4:42
PK Defense
1 - 55% - 50% - 5:01
2 - 45% - 50% - 4:06
PK3 Forward
1 - 0% - 60%
2 - 0% - 40%
PK3 Defense
1 - 0% - 60%
2 - 0% - 40%
44 Forward
1 - 0% - 50%
2 - 0% - 50%
44 Defense
1 - 0% - 50%
2 - 0% - 50%
Last Minute Offensive - 0:00
Last Minute Defensive - 0:00
Total
Forward - 60:00
Defense - 60:00
|
% Time on Ice - Blue Jackets
Lines # - Real PCT - Wanted PCT - Time Play
Normal Forward
1 - 38% - 40% - 15:54
2 - 27% - 30% - 11:30
3 - 19% - 20% - 7:50
4 - 16% - 10% - 6:54
Normal Defense
1 - 40% - 40% - 17:03
2 - 35% - 30% - 14:39
3 - 22% - 20% - 9:08
4 - 3% - 10% - 1:18
PP Forward
1 - 55% - 60% - 5:01
2 - 45% - 40% - 4:06
PP Defense
1 - 56% - 60% - 5:07
2 - 44% - 40% - 4:00
PK Forward
1 - 81% - 60% - 7:05
2 - 19% - 40% - 1:40
PK Defense
1 - 51% - 60% - 4:30
2 - 49% - 40% - 4:15
PK3 Forward
1 - 0% - 60%
2 - 0% - 40%
PK3 Defense
1 - 0% - 60%
2 - 0% - 40%
44 Forward
1 - 0% - 60%
2 - 0% - 40%
44 Defense
1 - 0% - 60%
2 - 0% - 40%
Last Minute Offensive - 0:00
Last Minute Defensive - 0:00
Total
Forward - 60:00
Defense - 60:00
|
Play by Play
1st period
0:01 of 1st period - Marcus Nilson wins face-off versus Ryan O'Reilly in neutral zone.
0:38 of 1st period - Snap shot by Zack Kassian.
0:38 of 1st period - Stopped by Rick DiPietro without a rebound.
0:39 of 1st period - Mike Comrie wins face-off versus Brandon Sutter in Blue Jackets zone.
1:21 of 1st period - Minor Penalty to Ronalds Kenins for Interference.
1:22 of 1st period - Pavel Datsyuk wins face-off versus Brandon Sutter in Sabres zone.
1:35 of 1st period - Snap shot by Martin Havlat.
1:35 of 1st period - Shot Blocked by Zach Bogosian.
1:37 of 1st period - Snap shot by Mike Lundin.
1:37 of 1st period - Shot Misses the Net.
1:39 of 1st period - Slapshot by David Booth.
1:39 of 1st period - Shot Blocked by Zach Bogosian.
3:21 of 1st period - Penalty to Ronalds Kenins is over, Ronalds Kenins is back on ice.
3:34 of 1st period - Mike Comrie is hit by Kurtis Foster and loses puck.
3:57 of 1st period - Anthony Bitetto is hit by Mathew Dumba and loses puck.
4:08 of 1st period - Wrist shot by Vincent Lecavalier.
4:08 of 1st period - Deflect By Darren Reid.
4:08 of 1st period - Shot Misses the Net.
4:08 of 1st period - Puck is out of play.
4:09 of 1st period - Martin Havlat wins face-off versus Vincent Lecavalier in Blue Jackets zone.
4:24 of 1st period - Slapshot by Vincent Lecavalier.
4:24 of 1st period - Stopped by Rick DiPietro without a rebound.
4:25 of 1st period - Peter Mueller wins face-off versus Ryan O'Reilly in Blue Jackets zone.
4:53 of 1st period - Evander Kane is hit by Marcus Nilson and loses puck.
5:04 of 1st period - Snap shot by Zach Bogosian.
5:04 of 1st period - Deflect By Zack Kassian.
5:04 of 1st period - Stopped by Rick DiPietro with a rebound.
5:27 of 1st period - Wrist shot by Andreas Nodl.
5:27 of 1st period - Shot Blocked by Rob Scuderi.
5:43 of 1st period - Wrist shot by Ilya Kovalchuk.
5:43 of 1st period - Shot Blocked by Branislav Mezei.
5:45 of 1st period - Wrist shot by Rob Scuderi.
5:45 of 1st period - Stopped by Rick DiPietro with a rebound.
6:06 of 1st period - Slapshot by Mike Brown.
6:06 of 1st period - Stopped by Robin Lehner with a rebound.
6:12 of 1st period - Mike Lundin is hit by Matt Martin and loses puck.
6:27 of 1st period - Slapshot by Evander Kane.
6:27 of 1st period - Stopped by Rick DiPietro without a rebound.
6:28 of 1st period - Ryan O'Reilly wins face-off versus Pavel Datsyuk in Blue Jackets zone.
6:29 of 1st period - Wrist shot by Zach Bogosian.
6:29 of 1st period - Deflect By Martin Havlat.
6:29 of 1st period - Stopped by Rick DiPietro with a rebound.
6:31 of 1st period - Snap shot by Ilya Kovalchuk.
6:31 of 1st period - Deflect By Ryan O'Reilly.
6:31 of 1st period - Stopped by Rick DiPietro without a rebound.
6:32 of 1st period - Ilya Kovalchuk wins face-off versus Pavel Datsyuk in Blue Jackets zone.
6:33 of 1st period - Slapshot by Ryan O'Reilly.
6:33 of 1st period - Shot Blocked by Torey Krug.
7:23 of 1st period - Branislav Mezei is hit by Rob Scuderi.
8:13 of 1st period - Minor Penalty to Anthony Bitetto for Hooking.
8:14 of 1st period - Evander Kane wins face-off versus Mike Comrie in Blue Jackets zone.
8:22 of 1st period - Snap shot by Andrei Loktionov.
8:22 of 1st period - Stopped by Rick DiPietro with a rebound.
8:52 of 1st period - Wrist shot by Pavel Datsyuk.
8:52 of 1st period - Goal by Pavel Datsyuk - Sabres : 0 - Blue Jackets : 1.
8:53 of 1st period - Ryan O'Reilly wins face-off versus Mike Comrie in neutral zone.
9:02 of 1st period - Slapshot by Ilya Kovalchuk.
9:02 of 1st period - Goal by Ilya Kovalchuk - Sabres : 1 - Blue Jackets : 1.
9:03 of 1st period - Pavel Datsyuk wins face-off versus Ryan O'Reilly in neutral zone.
11:11 of 1st period - Michael Kostka is hit by David Booth and loses puck.
11:15 of 1st period - Icing by Darren Reid.
11:16 of 1st period - Darren Reid wins face-off versus Pavel Datsyuk in Sabres zone.
11:34 of 1st period - Kurtis Foster is hit by Marcus Nilson and loses puck.
11:53 of 1st period - Wrist shot by Andreas Nodl.
11:53 of 1st period - Shot Misses the Net.
12:37 of 1st period - Snap shot by Brad Richardson.
12:37 of 1st period - Stopped by Rick DiPietro with a rebound.
12:39 of 1st period - Snap shot by Michael Kostka.
12:39 of 1st period - Shot Blocked by Mike Lundin.
12:53 of 1st period - Snap shot by Pavel Datsyuk.
12:53 of 1st period - Stopped by Robin Lehner with a rebound.
13:52 of 1st period - Off-side.
13:53 of 1st period - Pavel Datsyuk wins face-off versus Vincent Lecavalier in neutral zone.
13:58 of 1st period - Wrist shot by Pavel Datsyuk.
13:58 of 1st period - Shot Misses the Net.
14:00 of 1st period - Slapshot by Martin Havlat.
14:00 of 1st period - Shot Blocked by Michael Kostka.
14:10 of 1st period - Snap shot by Martin Havlat.
14:10 of 1st period - Goal by Martin Havlat - Sabres : 1 - Blue Jackets : 2.
14:11 of 1st period - Pavel Datsyuk wins face-off versus Ryan O'Reilly in neutral zone.
14:22 of 1st period - Slapshot by Ilya Kovalchuk.
14:22 of 1st period - Stopped by Rick DiPietro without a rebound.
14:23 of 1st period - Pavel Datsyuk wins face-off versus Ryan O'Reilly in Blue Jackets zone.
14:23 of 1st period - Pavel Datsyuk is hit by Ilya Kovalchuk.
14:53 of 1st period - Snap shot by Mike Lundin.
14:53 of 1st period - Stopped by Robin Lehner with a rebound.
14:57 of 1st period - Wrist shot by Mike Brown.
14:57 of 1st period - Shot Blocked by Mathew Dumba.
15:11 of 1st period - Mike York is hit by Rob Scuderi and loses puck.
15:19 of 1st period - Off-side.
15:20 of 1st period - Pavel Datsyuk wins face-off versus Ryan O'Reilly in neutral zone.
15:23 of 1st period - Slapshot by Torey Krug.
15:23 of 1st period - Stopped by Robin Lehner with a rebound.
16:18 of 1st period - Backhand shot by Brandon Sutter.
16:18 of 1st period - Stopped by Rick DiPietro without a rebound.
16:19 of 1st period - Ryan O'Reilly wins face-off versus Pavel Datsyuk in Blue Jackets zone.
16:59 of 1st period - Snap shot by Evander Kane.
16:59 of 1st period - Deflect By Mike Lundin.
16:59 of 1st period - Shot Misses the Net.
16:59 of 1st period - Puck is out of play.
17:00 of 1st period - Pavel Datsyuk wins face-off versus Brandon Sutter in Blue Jackets zone.
17:27 of 1st period - David Booth is hit by Ilya Kovalchuk and loses puck.
17:32 of 1st period - Slapshot by Ryan O'Reilly.
17:32 of 1st period - Stopped by Rick DiPietro with a rebound.
18:34 of 1st period - Snap shot by Martin Havlat.
18:34 of 1st period - Shot Blocked by Rob Scuderi.
18:36 of 1st period - Snap shot by Martin Havlat.
18:36 of 1st period - Stopped by Robin Lehner without a rebound.
18:37 of 1st period - Ryan O'Reilly wins face-off versus Pavel Datsyuk in Sabres zone.
18:44 of 1st period - Snap shot by Pavel Datsyuk.
18:44 of 1st period - Goal by Pavel Datsyuk - Sabres : 1 - Blue Jackets : 3.
18:45 of 1st period - Ryan O'Reilly wins face-off versus Pavel Datsyuk in neutral zone.
18:50 of 1st period - Snap shot by Kyle Okposo.
18:50 of 1st period - Stopped by Rick DiPietro with a rebound.
18:58 of 1st period - Martin Havlat is hit by Jared Cowen.
19:01 of 1st period - Off-side.
19:02 of 1st period - Peter Mueller wins face-off versus Andrei Loktionov in neutral zone.
19:02 of 1st period - Peter Mueller is hit by Zack Kassian.
19:06 of 1st period - Slapshot by Torey Krug.
19:06 of 1st period - Deflect By Peter Mueller.
19:06 of 1st period - Shot Misses the Net.
19:06 of 1st period - Puck is out of play.
19:07 of 1st period - Peter Mueller wins face-off versus Andrei Loktionov in Sabres zone.
19:08 of 1st period - Snap shot by Mike Brown.
19:08 of 1st period - Stopped by Robin Lehner with a rebound.
19:16 of 1st period - Wrist shot by Peter Mueller.
19:16 of 1st period - Shot Misses the Net.
19:20 of 1st period - Snap shot by Mike Brown.
19:20 of 1st period - Stopped by Robin Lehner with a rebound.
19:22 of 1st period - Wrist shot by Mike Brown.
19:22 of 1st period - Stopped by Robin Lehner with a rebound.
19:24 of 1st period - Slapshot by Peter Mueller.
19:24 of 1st period - Stopped by Robin Lehner without a rebound.
19:25 of 1st period - Pavel Datsyuk wins face-off versus Ryan O'Reilly in Sabres zone.
19:26 of 1st period - Wrist shot by Martin Havlat.
19:26 of 1st period - Stopped by Robin Lehner with a rebound.
19:52 of 1st period - Zack Kassian is hit by Mike Brown and loses puck.
19:59 of 1st period - Wrist shot by Peter Mueller.
19:59 of 1st period - Shot Blocked by Rob Scuderi.
Goals for this period are 1 for Sabres vs 3 for Blue Jackets.
Shots for this period are 14 for Sabres vs 13 for Blue Jackets.
2nd period
0:01 of 2nd period - Pavel Datsyuk wins face-off versus Ryan O'Reilly in neutral zone.
0:06 of 2nd period - Slapshot by Pavel Datsyuk.
0:06 of 2nd period - Shot Blocked by Zach Bogosian.
0:10 of 2nd period - Wrist shot by Pavel Datsyuk.
0:10 of 2nd period - Stopped by Robin Lehner with a rebound.
0:12 of 2nd period - Slapshot by Torey Krug.
0:12 of 2nd period - Deflect By Martin Havlat.
0:12 of 2nd period - Shot Misses the Net.
0:12 of 2nd period - Puck is out of play.
0:13 of 2nd period - Pavel Datsyuk wins face-off versus Ryan O'Reilly in Sabres zone.
0:16 of 2nd period - Wrist shot by Pavel Datsyuk.
0:16 of 2nd period - Shot Misses the Net.
0:22 of 2nd period - Snap shot by Martin Havlat.
0:22 of 2nd period - Stopped by Robin Lehner without a rebound.
0:23 of 2nd period - Ryan O'Reilly wins face-off versus Pavel Datsyuk in Sabres zone.
0:27 of 2nd period - Off-side.
0:28 of 2nd period - Pavel Datsyuk wins face-off versus Ryan O'Reilly in neutral zone.
0:37 of 2nd period - Slapshot by Martin Havlat.
0:37 of 2nd period - Shot Misses the Net.
0:43 of 2nd period - Jared Cowen is hit by Marcus Nilson and loses puck.
1:22 of 2nd period - Brandon Sutter is hit by Mike Comrie and loses puck.
1:35 of 2nd period - Minor Penalty to Mike Comrie for Roughing.
1:36 of 2nd period - Mike York wins face-off versus Andrei Loktionov in Blue Jackets zone.
2:20 of 2nd period - David Booth is hit by Ryan O'Reilly and loses puck.
3:35 of 2nd period - Penalty to Mike Comrie is over, Mike Comrie is back on ice.
3:40 of 2nd period - Backhand shot by Zach Bogosian.
3:40 of 2nd period - Shot Blocked by Anthony Bitetto.
3:53 of 2nd period - Marcus Nilson is hit by Brad Richardson and loses puck.
5:05 of 2nd period - Ronalds Kenins is hit by Andreas Nodl and loses puck.
5:18 of 2nd period - Evander Kane is hit by Pavel Datsyuk and loses puck.
5:31 of 2nd period - Michael Kostka is hit by Branislav Mezei and loses puck.
6:39 of 2nd period - Rob Scuderi is hit by Mike Comrie and loses puck.
6:57 of 2nd period - Kurtis Foster is hit by Branislav Mezei.
8:29 of 2nd period - Wrist shot by Zack Kassian.
8:29 of 2nd period - Deflect By Andrei Loktionov.
8:29 of 2nd period - Shot Blocked by A.J Thelen.
8:29 of 2nd period - Puck is out of play.
8:30 of 2nd period - Ryan O'Reilly wins face-off versus Pavel Datsyuk in Blue Jackets zone.
8:33 of 2nd period - Snap shot by Ilya Kovalchuk.
8:33 of 2nd period - Stopped by Rick DiPietro with a rebound.
8:45 of 2nd period - Slapshot by Ilya Kovalchuk.
8:45 of 2nd period - Shot Misses the Net.
8:54 of 2nd period - Minor Penalty to Martin Havlat for Hooking.
8:55 of 2nd period - Mike Comrie wins face-off versus Andrei Loktionov in Blue Jackets zone.
8:55 of 2nd period - Mike Comrie is hit by Evander Kane.
9:05 of 2nd period - Slapshot by Zach Bogosian.
9:05 of 2nd period - Stopped by Rick DiPietro with a rebound.
10:54 of 2nd period - Penalty to Martin Havlat is over, Martin Havlat is back on ice.
11:01 of 2nd period - Brad Richardson is hit by A.J Thelen.
11:05 of 2nd period - Marcus Nilson is hit by Brad Richardson and loses puck.
11:43 of 2nd period - Minor Penalty to Kurtis Foster for Delaying the game.
11:44 of 2nd period - Pavel Datsyuk wins face-off versus Darren Reid in Sabres zone.
12:01 of 2nd period - Mathew Dumba is hit by Mike Lundin.
13:38 of 2nd period - Marcus Nilson is hit by Ilya Kovalchuk and loses puck.
13:43 of 2nd period - Penalty to Kurtis Foster is over, Kurtis Foster is back on ice.
13:52 of 2nd period - Minor Penalty to Michael Kostka for Tripping.
13:53 of 2nd period - Pavel Datsyuk wins face-off versus Brandon Sutter in Sabres zone.
13:58 of 2nd period - Slapshot by Martin Havlat.
13:58 of 2nd period - Shot Misses the Net.
15:46 of 2nd period - Torey Krug is hit by Jared Cowen and loses puck.
15:52 of 2nd period - Penalty to Michael Kostka is over, Michael Kostka is back on ice.
16:20 of 2nd period - Ryan O'Reilly is hit by Mike Comrie and loses puck.
16:38 of 2nd period - Off-side.
16:39 of 2nd period - Vincent Lecavalier wins face-off versus Patrick O'Sullivan in neutral zone.
17:04 of 2nd period - Zack Kassian is hit by David Booth and loses puck.
17:43 of 2nd period - Minor Penalty to Marcus Nilson for Holding Stick.
17:44 of 2nd period - Ryan O'Reilly wins face-off versus Mike Comrie in Blue Jackets zone.
17:45 of 2nd period - Snap shot by Ilya Kovalchuk.
17:45 of 2nd period - Stopped by Rick DiPietro without a rebound.
17:46 of 2nd period - Ryan O'Reilly wins face-off versus Mike Comrie in Blue Jackets zone.
17:47 of 2nd period - Slapshot by Ilya Kovalchuk.
17:47 of 2nd period - Shot Misses the Net.
17:49 of 2nd period - Slapshot by Jared Cowen.
17:49 of 2nd period - Deflect By Ryan O'Reilly.
17:49 of 2nd period - Shot Blocked by Mike Comrie.
17:49 of 2nd period - Puck is out of play.
17:50 of 2nd period - Mike Comrie wins face-off versus Ryan O'Reilly in Blue Jackets zone.
17:50 of 2nd period - Mike Comrie is hit by Ilya Kovalchuk.
19:43 of 2nd period - Penalty to Marcus Nilson is over, Marcus Nilson is back on ice.
19:59 of 2nd period - Anthony Bitetto is hit by Brandon Sutter.
Goals for this period are 0 for Sabres vs 0 for Blue Jackets.
Shots for this period are 3 for Sabres vs 2 for Blue Jackets.
3rd period
0:01 of 3rd period - Pavel Datsyuk wins face-off versus Ryan O'Reilly in neutral zone.
0:16 of 3rd period - Slapshot by Zach Bogosian.
0:16 of 3rd period - Shot Blocked by Branislav Mezei.
0:18 of 3rd period - Minor Penalty to Martin Havlat for Hooking.
0:19 of 3rd period - Andrei Loktionov wins face-off versus Mike Comrie in Blue Jackets zone.
0:30 of 3rd period - Slapshot by Michael Kostka.
0:30 of 3rd period - Deflect By Branislav Mezei.
0:30 of 3rd period - Stopped by Rick DiPietro without a rebound.
0:31 of 3rd period - Mike Comrie wins face-off versus Ryan O'Reilly in Blue Jackets zone.
2:18 of 3rd period - Penalty to Martin Havlat is over, Martin Havlat is back on ice.
2:58 of 3rd period - Patrick O'Sullivan is hit by Darren Reid and loses puck.
3:33 of 3rd period - Wrist shot by Vincent Lecavalier.
3:33 of 3rd period - Stopped by Rick DiPietro with a rebound.
4:10 of 3rd period - Icing by Brad Richardson.
4:11 of 3rd period - Andrew Gordon wins face-off versus Brandon Sutter in Sabres zone.
4:44 of 3rd period - Slapshot by Kurtis Foster.
4:44 of 3rd period - Shot Blocked by Mike Brown.
4:46 of 3rd period - Slapshot by Matt Martin.
4:46 of 3rd period - Shot Blocked by Peter Mueller.
4:48 of 3rd period - Wrist shot by Brad Richardson.
4:48 of 3rd period - Shot Misses the Net.
5:01 of 3rd period - Minor Penalty to Zach Bogosian for Boarding.
5:02 of 3rd period - Pavel Datsyuk wins face-off versus Vincent Lecavalier in Sabres zone.
5:45 of 3rd period - Slapshot by Vincent Lecavalier.
5:45 of 3rd period - Shot Misses the Net.
7:01 of 3rd period - Penalty to Zach Bogosian is over, Zach Bogosian is back on ice.
7:45 of 3rd period - Mike York is hit by Jared Cowen and loses puck.
8:54 of 3rd period - Marcus Nilson is hit by Zach Bogosian.
9:04 of 3rd period - Peter Mueller is hit by Jared Cowen and loses puck.
9:17 of 3rd period - Mike Lundin is hit by Matt Martin.
9:18 of 3rd period - Icing by Mike Lundin.
9:19 of 3rd period - Brandon Sutter wins face-off versus Patrick O'Sullivan in Blue Jackets zone.
9:24 of 3rd period - Slapshot by Zach Bogosian.
9:24 of 3rd period - Shot Misses the Net.
9:26 of 3rd period - Slapshot by Matt Martin.
9:26 of 3rd period - Shot Blocked by Rostislav Olesz.
9:28 of 3rd period - Slapshot by Matt Martin.
9:28 of 3rd period - Goal by Matt Martin - Sabres : 2 - Blue Jackets : 3.
9:29 of 3rd period - Pavel Datsyuk wins face-off versus Ryan O'Reilly in neutral zone.
9:44 of 3rd period - Wrist shot by Pavel Datsyuk.
9:44 of 3rd period - Shot Misses the Net.
9:46 of 3rd period - Slapshot by Torey Krug.
9:46 of 3rd period - Shot Blocked by Kurtis Foster.
10:06 of 3rd period - Off-side.
10:07 of 3rd period - Ryan O'Reilly wins face-off versus Pavel Datsyuk in neutral zone.
10:16 of 3rd period - Michael Kostka is hit by Pavel Datsyuk and loses puck.
10:36 of 3rd period - Slapshot by Mike Lundin.
10:36 of 3rd period - Deflect By Peter Mueller.
10:36 of 3rd period - Stopped by Robin Lehner with a rebound.
10:44 of 3rd period - Slapshot by Evander Kane.
10:44 of 3rd period - Stopped by Rick DiPietro with a rebound.
11:06 of 3rd period - Snap shot by Mike York.
11:06 of 3rd period - Shot Misses the Net.
11:08 of 3rd period - Snap shot by Andreas Nodl.
11:08 of 3rd period - Stopped by Robin Lehner with a rebound.
11:10 of 3rd period - Wrist shot by Andreas Nodl.
11:10 of 3rd period - Shot Blocked by Zach Bogosian.
11:12 of 3rd period - Slapshot by Torey Krug.
11:12 of 3rd period - Deflect By Zach Bogosian.
11:12 of 3rd period - Stopped by Robin Lehner without a rebound.
11:13 of 3rd period - Pavel Datsyuk wins face-off versus Ryan O'Reilly in Sabres zone.
11:16 of 3rd period - Snap shot by Pavel Datsyuk.
11:16 of 3rd period - Shot Misses the Net.
11:18 of 3rd period - Slapshot by Torey Krug.
11:18 of 3rd period - Shot Misses the Net.
11:20 of 3rd period - Wrist shot by Torey Krug.
11:20 of 3rd period - Shot Hit the Post.
11:22 of 3rd period - Slapshot by Pavel Datsyuk.
11:22 of 3rd period - Deflect By Martin Havlat.
11:22 of 3rd period - Stopped by Robin Lehner without a rebound.
11:23 of 3rd period - Pavel Datsyuk wins face-off versus Ryan O'Reilly in Sabres zone.
11:28 of 3rd period - Slapshot by Pavel Datsyuk.
11:28 of 3rd period - Shot Misses the Net.
11:30 of 3rd period - Snap shot by Martin Havlat.
11:30 of 3rd period - Deflect By Pavel Datsyuk.
11:30 of 3rd period - Stopped by Robin Lehner without a rebound.
11:31 of 3rd period - Ryan O'Reilly wins face-off versus Pavel Datsyuk in Sabres zone.
11:43 of 3rd period - Slapshot by Branislav Mezei.
11:43 of 3rd period - Deflect By Zach Bogosian.
11:43 of 3rd period - Stopped by Robin Lehner without a rebound.
11:44 of 3rd period - Ilya Kovalchuk wins face-off versus Pavel Datsyuk in Sabres zone.
11:46 of 3rd period - Minor Penalty to Zach Bogosian for High sticking.
11:47 of 3rd period - Brandon Sutter wins face-off versus Pavel Datsyuk in Sabres zone.
12:01 of 3rd period - Snap shot by Mike Lundin.
12:01 of 3rd period - Shot Blocked by Rob Scuderi.
12:03 of 3rd period - Snap shot by David Booth.
12:03 of 3rd period - Stopped by Robin Lehner with a rebound.
12:22 of 3rd period - Rob Scuderi is hit by Peter Mueller.
12:26 of 3rd period - Snap shot by Darren Reid.
12:26 of 3rd period - Stopped by Rick DiPietro without a rebound.
12:27 of 3rd period - Pavel Datsyuk wins face-off versus Vincent Lecavalier in Blue Jackets zone.
12:27 of 3rd period - Pavel Datsyuk is hit by Ilya Kovalchuk.
12:41 of 3rd period - Wrist shot by Vincent Lecavalier.
12:41 of 3rd period - Shot Blocked by Pavel Datsyuk.
12:43 of 3rd period - Snap shot by Ilya Kovalchuk.
12:43 of 3rd period - Stopped by Rick DiPietro without a rebound.
12:44 of 3rd period - Peter Mueller wins face-off versus Brandon Sutter in Blue Jackets zone.
12:51 of 3rd period - Backhand shot by Mike Brown.
12:51 of 3rd period - Deflect By Marcus Nilson.
12:51 of 3rd period - Shot Misses the Net.
12:51 of 3rd period - Puck is out of play.
12:52 of 3rd period - Peter Mueller wins face-off versus Brandon Sutter in Sabres zone.
12:57 of 3rd period - Wrist shot by Mike Brown.
12:57 of 3rd period - Goal by Mike Brown - Sabres : 2 - Blue Jackets : 4.
12:58 of 3rd period - Ryan O'Reilly wins face-off versus Pavel Datsyuk in neutral zone.
13:49 of 3rd period - Brandon Sutter is hit by Andreas Nodl and loses puck.
14:19 of 3rd period - A.J Thelen is hit by Michael Kostka.
15:21 of 3rd period - Snap shot by Rob Scuderi.
15:21 of 3rd period - Shot Misses the Net.
15:23 of 3rd period - Slapshot by Mathew Dumba.
15:23 of 3rd period - Shot Blocked by Anthony Bitetto.
15:25 of 3rd period - Snap shot by Matt Martin.
15:25 of 3rd period - Stopped by Rick DiPietro without a rebound.
15:26 of 3rd period - Ryan O'Reilly wins face-off versus Pavel Datsyuk in Blue Jackets zone.
15:49 of 3rd period - Zach Bogosian is hit by Mike Lundin and loses puck.
17:02 of 3rd period - Wrist shot by Ilya Kovalchuk.
17:02 of 3rd period - Deflect By Ryan O'Reilly.
17:02 of 3rd period - Shot Misses the Net.
17:02 of 3rd period - Puck is out of play.
17:03 of 3rd period - Brandon Sutter wins face-off versus Mike Comrie in Blue Jackets zone.
17:04 of 3rd period - Snap shot by Matt Martin.
17:04 of 3rd period - Deflect By Brad Richardson.
17:04 of 3rd period - Stopped by Rick DiPietro with a rebound.
17:14 of 3rd period - Wrist shot by Brad Richardson.
17:14 of 3rd period - Stopped by Rick DiPietro with a rebound.
17:16 of 3rd period - Snap shot by Brad Richardson.
17:16 of 3rd period - Shot Blocked by A.J Thelen.
17:18 of 3rd period - Slapshot by Michael Kostka.
17:18 of 3rd period - Shot Misses the Net.
17:35 of 3rd period - Wrist shot by Vincent Lecavalier.
17:35 of 3rd period - Stopped by Rick DiPietro without a rebound.
17:36 of 3rd period - Andrei Loktionov wins face-off versus Peter Mueller in Blue Jackets zone.
18:45 of 3rd period - Zack Kassian is hit by Ryan Wilson and loses puck.
Goals for this period are 1 for Sabres vs 1 for Blue Jackets.
Shots for this period are 10 for Sabres vs 8 for Blue Jackets.
Back to the Top